 Dungeon Crawl Stone Soup version 0.27-a0-1278-g6cbc8dfb29 (webtiles) character file.

Game seed: 9848956737590768477

27 avis the Chiller (level 3, 0/24 HPs)
             Began as a Barachi Ice Elementalist on June 12, 2021.
             Slain by Crazy Yiuf (7 damage)
             ... on level 2 of the Dungeon.
             The game lasted 00:09:09 (1213 turns).

avis the Chiller (Barachi Ice Elementalist)         Turns: 1213, Time: 00:09:11

Health: 0/24       AC:  7    Str: 10    XL:     3   Next: 10%
Magic:  0/7        EV: 11    Int: 15    God:
Gold:   43         SH:  0    Dex: 12    Spells: 0/7 levels left

rFire    . . .     SeeInvis .   a - +0 trident
rCold    . . .     Faith    .   (no shield)
rNeg     . . .     Spirit   .   k - +0 leather armour
rPois    .         Reflect  .   (no helmet)
rElec    .         Harm     .   (no cloak)
rCorr    .         Rampage  .   (no gloves)
Will     .....                  (no boots)
Stlth    ++........             (no amulet)
HPRegen  0.08/turn              m - +4 ring of slaying
MPRegen  0.10/turn              (no ring)

@: mighty, lethally poisoned (0 -> -11), ice-armoured, freezing walls, slow
A: amphibious, slowness 1, strong legs 1, +LOS
a: Hop


You were on level 2 of the Dungeon.
You visited 1 branch of the dungeon, and saw 2 of its levels.

You collected 43 gold pieces.

Inventory:

Hand Weapons
 a - a +0 trident (weapon)
 b - a +0 hunting sling
 g - a +0 short sword of holy wrath
Missiles
 f - 24 bolts
 j - 18 arrows
 l - 30 stones
Armour
 c - a +0 robe
 k - a +0 leather armour (worn)
Jewellery
 m - a +4 ring of slaying (left hand)
Scrolls
 d - 2 scrolls of identify {unknown}
 e - a scroll of enchant armour {unknown}
 i - a scroll of enchant weapon {unknown}
 o - a scroll of summoning {unknown}
Potions
 n - a potion of heal wounds {unknown}


   Skills:
 - Level 2.1 Dodging
 - Level 1.7 Stealth
 + Level 2.7 Spellcasting
 * Level 5.6 Ice Magic


You couldn't memorise any spells.
You knew the following spells:

 Your Spells              Type           Power      Damage    Failure   Level
a - Freeze                Ice            76%        1d9       2%          1
o - Ozocubu's Armour      Ice            19%        N/A       9%          3
r - Frozen Ramparts       Ice            38%        1d5       9%          3

Your spell library contained the following spells:

 Spells                   Type           Power      Damage    Failure   Level
 Beastly Appendage        Tmut           4%         N/A       28%         1
 Wereblood                Tmut           2%         N/A       38%         2
 Spider Form              Tmut/Pois      1%         N/A       63%         3
 Hailstorm                Conj/Ice       10%        3d5       65%         4
 Ice Form                 Ice/Tmut       10%        N/A       65%         4
 Metabolic Englaciation   Hex/Ice        5%         N/A       94%         5


Dungeon Overview and Level Annotations

Branches:
Dungeon (2/15)

Altars:

Annotations:
D:1 Glass case with stuff
D:2 Crazy Yiuf


Innate Abilities, Weirdness & Mutations

You are amphibious.
You cover ground slowly.
You can hop short distances.
You have an extended range of vision and can be seen from far away.


Message History

o - a scroll labelled SOMPIQ IMONK
Found a stone staircase leading down.
There is an open door here.
There is a stone staircase leading down here.
Found a mace.
Found a runed translucent door.
a - a +0 trident (weapon)
Crazy Yiuf yells, "Two sing-song down!"
Casting: Freeze (safe; 2% risk of failure)
Confirm with . or Enter, or press ? or * to list all spells.
The spell is quite dangerous to cast (9% risk of failure)!
Continue anyway?
A film of ice covers your body!
You open the door.
Casting: Ozocubu's Armour (quite dangerous; 9% risk of failure)
Confirm with . or Enter, or press ? or * to list all spells.
The spell is quite dangerous to cast (9% risk of failure)!
Continue anyway?
Casting: Frozen Ramparts (quite dangerous; 9% risk of failure)
Press: ? - help, Dir - look around, f - activate Look: Crazy Yiuf, wielding a +2 quarterstaff of chaos and wearing a +1 cloak An open translucent door.
The walls around you are covered in ice.
The wall freezes Crazy Yiuf.
Crazy Yiuf cries, "Buddy tea chair!"
Crazy Yiuf hits you with a +2 quarterstaff of chaos!
You are lethally poisoned!
Casting: Frozen Ramparts (quite dangerous; 9% risk of failure)
Confirm with . or Enter, or press ? or * to list all spells.
Aiming: Freeze (safe; 2% risk of failure)
Press: ? - help, Shift-Dir - straight line, f/p - Crazy Yiuf
Aim: Crazy Yiuf, wielding a +2 quarterstaff of chaos and wearing a +1 cloak (moderately wounded)
You freeze Crazy Yiuf.
Crazy Yiuf is heavily wounded.
You feel very sick.
The wall freezes Crazy Yiuf.
Crazy Yiuf closely misses you.
It was a potion of might.
You feel very mighty all of a sudden.
* * * LOW HITPOINT WARNING * * *
You feel very sick.
The wall freezes Crazy Yiuf.
Crazy Yiuf hits you with a +2 quarterstaff of chaos!
You die...

#.......#####..##
##...####.#
#.......# #....#
.#.... . #.......#
♣....♣ .#.#####..
#.......# ♣...♣♣
.# #.. ####....#
♣♣.♣♣ # .## #..
#..#.# ♣.♣♣ #. .
... .. ...... ♣♣.♣
#.##.#.# #.
#...... ♣.♣♣
#....#.# #. ♣♣@♣
#....#.# #. #g# #.
#.#.####. ...
#.##........ #...#
#........... #..)#
#........##. #####
#...........
#........##.
#######...........
...........<......


You could see Crazy Yiuf.

Vanquished Creatures
  A worm (D:2)
  3 ball pythons
  A bat (D:1)
  2 endoplasms (D:1)
  5 hobgoblins
  3 frilled lizards (D:1)
  4 goblins (D:1)
  A kobold (D:1)
  2 rats (D:1)
22 creatures vanquished.

Notes
Turn   | Place    | Note
-------+----------+-------------------------------------------
     0 | D:1      | avis the Barachi Ice Elementalist began the quest for the
                  | Orb.
     0 | D:1      | Reached XP level 1. HP: 13/13 MP: 3/3
   128 | D:1      | Reached skill level 5 in Ice Magic
   200 | D:1      | Reached XP level 2. HP: 19/19 MP: 3/5
   597 | D:1      | Found a faded altar of an unknown god.
  1007 | D:2      | Reached XP level 3. HP: 24/24 MP: 7/7
  1114 | D:2      | Learned a level 3 spell: Frozen Ramparts
  1118 | D:2      | Learned a level 3 spell: Ozocubu's Armour
  1204 | D:2      | Found a runed translucent door.
  1205 | D:2      | Noticed Crazy Yiuf
  1213 | D:2      | Slain by Crazy Yiuf

Illustrated notes

Levels and vault maps discovered:
D:1:      amcnicky_arrival_double_pillar, layout_loops_cross,
          hellmonk_ecumenical_altar_crossroads, due_unseen_surprise
D:2:      layout_basic, hex_intersection, uniq_crazy_yiuf_cottage, uniq_natasha

Skill      XL: |  1 |
---------------+----+-----
Ice Magic      | 5 |  5.6
Dodging        | |  2.1
Stealth        | |  1.7
Spellcasting   | |  2.7

Action                   || total
-------------------------++-------
Melee: Spear             ||     9
 Fire: Hunting sling     ||    15
 Cast: Freeze            ||    29
       Ozocubu's Armour  ||     1
       Frozen Ramparts   ||     1
  Use: Potion            ||     1
Armor: Robe              ||     2
Dodge: Dodged            ||    14

Table legend: (Time is in decaauts)
 A = Elapsed time spent in this place.
 B = Non-inter-level travel time spent in this place.
 C = Inter-level travel time spent in this place.
 D = Time resting spent in this place.
 E = Time spent auto-exploring this place.
 F = Levels seen in this place.
 G = Mean time per level.
                   A        B        C        D        E       F      G
               +--------+--------+--------+--------+--------+-----+--------+
         Total |   1370 |   1265 |    105 |    260 |    666 |   2 |  685.0 |
       Dungeon |   1370 |   1265 |    105 |    260 |    666 |   2 |  685.0 |
               +--------+--------+--------+--------+--------+-----+--------+

Top non-repeatable levels by time:
     D:1: 1082 daAuts
     D:2: 287 daAuts
